 Dungeon Crawl Stone Soup version 0.31-a0-1376-g36f0627844 (webtiles) character file.

Game seed: 6759965960724801722

16 Colgate the Twirler (level 2, 0/22 HPs)
             Began as a Demonspawn Gladiator on Dec 24, 2023.
             Frozen to death by an endoplasm (5 damage)
             ... on level 1 of the Dungeon.
             The game lasted 00:02:04 (122 turns).

Colgate the Twirler (Demonspawn Gladiator)           Turns: 122, Time: 00:02:05

Health: 0/22       AC:  4    Str: 14    XL:     2   Next: 41%
Magic:  2/2        EV: 12    Int:  8    God:
Gold:   16         SH:  0    Dex: 14    Spells: 1/1 levels left

rFire   . . .        a - +0 quarterstaff
rCold   . . .        (shield currently unavailable)
rNeg    . . .        b - +0 leather armour
rPois   .            c - +0 helmet
rElec   .            (no cloak)
rCorr   .            (no gloves)
SInv    .            (no boots)
Will    .....        (no amulet)
Stlth   +            (no ring)
HPRegen 0.23/turn    (no ring)
MPRegen 0.16/turn

%: no passive effects
@: no status effects
A: magic regeneration
a: no special abilities


You were on level 1 of the Dungeon.
You visited 1 branch of the dungeon, and saw 1 of its levels.

You collected 16 gold pieces.

Inventory:

Hand Weapons
 a - a +0 quarterstaff (weapon)
Missiles
 d - a throwing net (quivered) {!f}
Armour
 b - a +0 leather armour (worn)
 c - a +0 helmet (worn)


   Skills:
 - Level 2.0 Fighting
 + Level 3.5 Staves
 - Level 1.7 Throwing
 - Level 2.6 Dodging


You had one spell level left.
You didn't know any spells.
Your spell library contained the following spells:

 Spells                   Type           Power      Damage    Failure   Level
 Fugue of the Fallen      Necr           0%         N/A       86%         3
 Ozocubu's Armour         Ice            0%         N/A       86%         3
 Manifold Assault         Tloc           0%         N/A       99%         4


Dungeon Overview and Level Annotations

Branches:
Dungeon (1/15)

Altars:


Innate Abilities, Weirdness & Mutations

You regenerate magic rapidly.


Message History

Aim: a quokka (43% to hit)
You throw a throwing net {!f}.
The throwing net {!f} barely misses the quokka.
The quokka bites you but does no damage.
Throw: javelin
Press: ? - help, Shift-Dir - straight line, f/p - quokka
Aim: a quokka (43% to hit)
You throw a javelin. The javelin pierces through the quokka.
You kill the quokka!
There is a stone staircase leading down here.
The bat hits you but does no damage. The bat hits you but does no damage.
The bat attacks as it pursues you! The bat hits you but does no damage.
The bat barely misses you. The bat hits you but does no damage.
The bat misses you.
A dart slug comes into view.
The bat hits you but does no damage.
An endoplasm comes into view.
Found a runed emerald ring.
The bat attacks as it pursues you! The bat misses you.
The bat barely misses you. x2
The bat attacks as it pursues you! The bat hits you but does no damage.
The endoplasm attacks as it pursues you!
The endoplasm hits you but does no damage.
The bat barely misses you. The dart slug launches a dart at you.
The slug dart hits you but does no damage.
You barely miss the endoplasm. The endoplasm freezes you.
You are frozen.
You hit the endoplasm. The endoplasm freezes you.
You are frozen.
You hit the endoplasm. The endoplasm freezes you.
You are frozen.
* * * LOW HITPOINT WARNING * * *
The endoplasm freezes you.
You are frozen.
You die...

#..###..............#
†).# #..............#
...###.............
....##.......# #..
.....#.......# #.#
.....#.......###.####...
...............gbw......
....##..#...####J####..
.....#..#.### #@#
..?..#....# #.#
......$$.## #.#
....?....# #..
.....#...# ...
..#..#...# .=##
..#..#...# ..# .....# ..
...# ......


You could see a dart slug, an endoplasm, a hobgoblin and a bat.

Vanquished Creatures
  A gnoll (D:1)
  An endoplasm (D:1)
  A quokka (D:1)
  A ball python (D:1)
  2 bats (D:1)
  A kobold (D:1)
  A rat (D:1)
8 creatures vanquished.

Notes
Turn   | Place    | Note
-------+----------+-------------------------------------------
     0 | D:1      | Colgate the Demonspawn Gladiator began the quest for the
                  | Orb.
     0 | D:1      | Reached XP level 1. HP: 16/16 MP: 1/1
    51 | D:1      | Reached skill level 3 in Staves
    70 | D:1      | Gained mutation: You regenerate magic rapidly. [demonic
                  | ancestry]
    70 | D:1      | Reached XP level 2. HP: 5/22 MP: 2/2
   122 | D:1      | Frozen to death by an endoplasm

Illustrated notes

Levels and vault maps discovered:
D:1:      lightli_iron_boxes, layout_rooms

Skill      XL: |  1 |
---------------+----+-----
Staves         | 3 |  3.5
Fighting       | |  2.0
Throwing       | |  1.7
Dodging        | |  2.6

Action                     || total
---------------------------++-------
  Melee: Quarterstaff      ||    19
  Throw: Throwing net      ||     2
         Javelin           ||     1
   Stab: Sleeping          ||     1
 Armour: Leather armour    ||    29
  Dodge: Dodged            ||    22

Table legend: (Time is in decaauts)
 A = Elapsed time spent in this place.
 B = Non-inter-level travel time spent in this place.
 C = Inter-level travel time spent in this place.
 D = Time resting spent in this place.
 E = Time spent auto-exploring this place.
 F = Levels seen in this place.
 G = Mean time per level.
                   A        B        C        D        E       F      G
               +--------+--------+--------+--------+--------+-----+--------+
         Total |    124 |    124 |      0 |      0 |     32 |   1 |  124.0 |
       Dungeon |    124 |    124 |      0 |      0 |     32 |   1 |  124.0 |
               +--------+--------+--------+--------+--------+-----+--------+

Top non-repeatable levels by time:
     D:1: 124 daAuts
